 Dungeon Crawl Stone Soup version 0.23-a0-109-g5e4b187 (webtiles) character file.

126 Amnesiac the Gusty (level 4, -11/33 HPs)
             Began as a Demigod Air Elementalist on Aug 22, 2018.
             Killed from afar by Ijyb (17 damage)
             ... with a wand of acid (5)
             ... on level 3 of the Dungeon.
             The game lasted 00:06:01 (2522 turns).

Amnesiac the Gusty (Demigod Air Elementalist)       Turns: 2522, Time: 00:06:02

Health: -11/33     AC: -2    Str: 11    XL:     4   Next: 54%
Magic:  7/11       EV: 12    Int: 21    God:
Gold:   133        SH:  0    Dex: 16    Spells: 2/9 levels left

rFire    . . .     SeeInvis .   p - +0 falchion
rCold    . . .     Gourm    .   (no shield)
rNeg     . . .     Faith    .   a - +0 robe
rPois    .         Spirit   .   (no helmet)
rElec    .         Reflect  .   (no cloak)
rCorr    .         Harm     .   (no gloves)
MR       .....                  (no boots)
Stlth    ++........             (no amulet)
HPRegen  0.11/turn              (no ring)
MPRegen  0.12/turn              (no ring)

@: corroded
A: high mp 1
a: no special abilities


You were on level 3 of the Dungeon.
You were not hungry.

You visited 1 branch of the dungeon, and saw 3 of its levels.

You collected 133 gold pieces.

Inventory:

Hand Weapons
 p - a +0 falchion (weapon)
Armour
 a - a +0 robe (worn)
Jewellery
 l - a +3 ring of intelligence {unknown}
Scrolls
 e - a scroll of remove curse {!r, unknown}
 f - 3 scrolls of teleportation {!r, unknown}
 g - 4 scrolls of amnesia {!r, unknown}
 h - 2 scrolls of identify {!r, unknown}
 k - 3 scrolls of enchant weapon {!r, unknown}
 m - a scroll of random uselessness {!r, unknown}
 n - a scroll of enchant armour {!r, unknown}
 q - a scroll of fog {!r, unknown}
Potions
 b - a potion of flight {!q, unknown}
 d - 4 potions of mutation {!q, unknown}
 i - 2 potions of heal wounds {!q, unknown}
 o - a potion of might {!q, unknown}
Comestibles
 c - 8 rations
 j - 8 chunks of flesh


   Skills:
 - Level 1.7 Dodging
 - Level 1.7 Stealth
 + Level 3.2 Spellcasting
 - Level 0.8 Conjurations
 + Level 4.1 Air Magic


You had 2 spell levels left.
You knew the following spells:

 Your Spells              Type           Power        Failure   Level  Hunger
a - Shock                 Conj/Air       ##..         4%          1    None
d - Airstrike             Air            ###.......   24%         4    ####...
z - Swiftness             Chrm/Air       ##......     9%          2    ##.....

Your spell library contained the following spells:

 Spells                   Type           Power        Failure   Level  Hunger
 Static Discharge         Conj/Air       ##......     14%         3    ###....
 Lightning Bolt           Conj/Air       ##........   78%         5    ######.


Dungeon Overview and Level Annotations

Branches:
Dungeon (3/15)

Annotations:
D:3 Ijyb


Innate Abilities, Weirdness & Mutations

You have an increased reservoir of magic. (+10% MP)


Message History

You butcher the goblin corpse.
j - 11 chunks of flesh (gained 1)
Things that are here:
a club; a goblin skeleton
Things that are here:
a club; a goblin skeleton Some of the chunks of flesh in your inventory have rotted away.
There is an open door here.
Eating one of 10 chunks of flesh.
You eat one of the 10 chunks of flesh.
This raw flesh tastes terrible.
Some of the chunks of flesh in your inventory have rotted away.
There is an escape hatch in the ceiling here.
Ijyb the Twisted Goblin comes into view.
She is wielding a dagger of speed.
Memorise Swiftness, consuming 2 spell levels and leaving 2?
You start memorising the spell.
You continue memorising. x2
You finish memorising.
Spell assigned to 'z'.
Ijyb shouts!
Casting: Shock (safe; 4% risk of failure)
Confirm with . or Enter, or press ? or * to list all spells.
Aiming: Shock (safe; 4% risk of failure)
Press: ? - help, Shift-Dir - straight line, f - Ijyb
Aim: Ijyb, wielding a dagger of speed and wearing a ring mail The zap misses Ijyb.
Unknown command.
Found a scroll labeled NASUAQEOCO.
Ijyb zaps a wand.
The bolt of acid hits you! The acid corrodes you!
You are splashed with acid!
The acid burns!
* * * LOW HITPOINT WARNING * * *
It is a wand of acid (5).
Casting: Shock (safe; 4% risk of failure)
Confirm with . or Enter, or press ? or * to list all spells.
Aiming: Shock (safe; 4% risk of failure)
Press: ? - help, Shift-Dir - straight line, f/p - Ijyb
Aim: Ijyb, wielding a dagger of speed, wearing a ring mail and carrying a wand of acid (5)
The zap misses Ijyb.
The zap hits Ijyb.
Ijyb is lightly wounded.
Unknown command.
Casting: Shock (safe; 4% risk of failure)
Confirm with . or Enter, or press ? or * to list all spells.
Aiming: Shock (safe; 4% risk of failure)
Press: ? - help, Shift-Dir - straight line, f/p - Ijyb
Aim: Ijyb, wielding a dagger of speed, wearing a ring mail and carrying a wand of acid (5) (lightly wounded)
The zap hits Ijyb.
Ijyb is lightly wounded.
The zap hits Ijyb.
Ijyb is moderately wounded.
Unknown command.
Casting: Shock (safe; 4% risk of failure)
Confirm with . or Enter, or press ? or * to list all spells.
Aiming: Shock (safe; 4% risk of failure)
Press: ? - help, Shift-Dir - straight line, f/p - Ijyb
Aim: Ijyb, wielding a dagger of speed, wearing a ring mail and carrying a wand of acid (5) (moderately wounded)
The zap misses Ijyb. x2; Ijyb barely misses you.
Ijyb closely misses you.
Unknown command.
Casting: Shock (safe; 4% risk of failure)
Confirm with . or Enter, or press ? or * to list all spells.
Aiming: Shock (safe; 4% risk of failure)
Press: ? - help, Shift-Dir - straight line, f/p - Ijyb
Aim: Ijyb, wielding a dagger of speed, wearing a ring mail and carrying a wand of acid (5) (moderately wounded)
The zap hits Ijyb.
Ijyb is moderately wounded.
The zap misses Ijyb.
Ijyb zaps a wand.
The bolt of acid hits you!
Ouch! That really hurt!
You die...

##.....................#
...................#####
#........####.#####
#........# #.#
#........# #.#
###........# #.#
?..........# #.#
....##.#######.# ...
#..g@.....# .g
########### .


You could see Ijyb.

Vanquished Creatures
  Jessica (D:2)
  A gnoll (D:1)
  2 adders (D:3)
  2 worms
  2 dart slugs (D:1)
  A leopard gecko (D:3)
  5 orcs (D:3)
  10 bats
  5 giant cockroaches
  5 goblins
  6 hobgoblins
  4 jackals (D:2)
  3 kobolds
  2 frilled lizards
  4 rats
53 creatures vanquished.

Notes
Turn   | Place    | Note
-------+----------+-------------------------------------------
     0 | D:1      | Amnesiac the Demigod Air Elementalist began the quest for the Orb.
     0 | D:1      | Reached XP level 1. HP: 14/14 MP: 5/5
   219 | D:1      | Reached skill level 3 in Air Magic
   246 | D:1      | Reached XP level 2. HP: 20/20 MP: 1/7
  1011 | D:2      | Found a faded altar of an unknown god.
  1088 | D:2      | Reached XP level 3. HP: 18/26 MP: 4/9
  1363 | D:2      | Noticed Jessica
  1379 | D:2      | Killed Jessica
  1782 | D:3      | Reached XP level 4. HP: 33/33 MP: 6/11
  1788 | D:3      | Learned a level 4 spell: Airstrike
  2075 | D:3      | Reached skill level 4 in Air Magic
  2506 | D:3      | Noticed Ijyb
  2511 | D:3      | Learned a level 2 spell: Swiftness
  2522 | D:3      | Killed from afar by Ijyb

Vault maps used:
D:1:      minmay_arrival_split_and_join
D:2:      chequers_ecumenical_altar_island, uniq_jessica
D:3:      uniq_ijyb

Skill      XL: |  1  2  3  4 |
---------------+-------------+-----
Spellcasting   | 2 3 |  3.2
Air Magic      | 3 4 |  4.1
Dodging        | |  1.7
Stealth        | |  1.7
Conjurations   | |  0.8

Action                   |  1- 3 |  4- 6 || total
-------------------------+-------+-------++-------
Melee: Unarmed           |     1 |       ||     1
 Cast: Shock             |    67 |    45 ||   112
       Airstrike         |       |     2 ||     2
  Eat: Chunk             |     3 |     3 ||     6
Armor: Robe              |     6 |       ||     6
Dodge: Dodged            |    26 |     5 ||    31

Table legend:
 A = Non-vault XP
 B = Vault XP
 C = Vault XP percentage of total XP
 D = Non-vault monster count
 E = Vault monster count
 F = Vault count percentage of total count
                 A         B        C        D         E       F
            +---------+---------+-------+---------+---------+-------
      Total |     143 |      37 |  20.6 |      52 |       1 |   1.9
            +---------+---------+-------+---------+---------+-------
        D:1 |      43 |       0 |   0.0 |      14 |       0 |   0.0
        D:2 |      25 |      37 |  59.7 |      13 |       1 |   7.1
        D:3 |      75 |       0 |   0.0 |      25 |       0 |   0.0
            +---------+---------+-------+---------+---------+-------
